 Dungeon Crawl Stone Soup version 0.27.0-1-g7a089689b8 (webtiles) character file.

Game seed: 6640921337685975565

2851 gimp the Fighter (level 10, -1/83 HPs)
             Began as a Human Delver on Aug 10, 2021.
             Slain by a gnoll (7 damage)
             ... on level 8 of the Dungeon.
             The game lasted 00:12:55 (7044 turns).

gimp the Fighter (Human Delver)                     Turns: 7044, Time: 00:12:56

Health: -1/83      AC: 10    Str: 16    XL:     10   Next: 4%
Magic:  10/10      EV: 12    Int: 10    God:
Gold:   0          SH:  9    Dex: 15    Spells: 9/9 levels left

rFire    + . .     SeeInvis .   a - +1 falchion (venom)
rCold    + . .     Faith    .   i - +0 kite shield
rNeg     . . .     Spirit   .   D - +2 scale mail {rC+}
rPois    .         Reflect  .   (no helmet)
rElec    .         Harm     .   (no cloak)
rCorr    .         Rampage  .   (no gloves)
Will     .....                  (no boots)
Stlth    ++........             q - amulet of regeneration
HPRegen  1.23/turn              w - ring of protection from fire
MPRegen  0.12/turn              y - +4 ring of evasion

@: lethally poisoned (-1 -> -1), weak-willed, marked
A: no striking features
a: no special abilities


You were on level 8 of the Dungeon.
You visited 2 branches of the dungeon, and saw 9 of its levels.

You collected 90 gold pieces.
You spent 90 gold pieces at shops.

Inventory:

Hand Weapons
 a - a +1 falchion of venom (weapon)
 e - a +2 scimitar of flaming
 E - a +2 hand axe of flaming
Missiles
 h - 27 poisoned darts
 j - 26 sling bullets
 r - 4 curare-tipped darts (quivered)
Armour
 i - a +0 kite shield (worn)
 D - a +2 scale mail of cold resistance (worn)
Jewellery
 q - an amulet of regeneration (around neck)
 w - a ring of protection from fire (left hand)
 y - a +4 ring of evasion (right hand)
Scrolls
 c - 3 scrolls of fog
 d - 5 scrolls of magic mapping
 m - a scroll of amnesia
 n - 3 scrolls of identify
 s - a scroll of noise {unknown}
 B - a scroll of teleportation
Potions
 f - a potion of haste
 l - a potion of might {unknown}
 t - a potion of berserk rage {unknown}
 A - a potion of brilliance {unknown}
 C - a potion of attraction {unknown}


   Skills:
 - Level 9.0 Fighting
 - Level 2.0 Polearms
 + Level 4.4 Throwing
 + Level 7.6 Armour
 - Level 2.0 Dodging
 - Level 5.0 Stealth
 + Level 4.3 Shields


You had 9 spell levels left.
You didn't know any spells.
Your spell library contained the following spells:

 Spells                   Type           Power      Damage    Failure   Level
 Beastly Appendage        Tmut           0%         N/A       99%         1
 Freeze                   Ice            0%         1d3       99%         1
 Static Discharge         Conj/Air       0%         N/A       100%        2
 Wereblood                Tmut           0%         N/A       100%        2
 Conjure Flame            Conj/Fire      0%         6-21      100%        3
 Frozen Ramparts          Ice            0%         1d2       100%        3
 Ignite Poison            Fire/Tmut/Pois 0%         N/A       100%        3
 Spider Form              Tmut/Pois      0%         N/A       100%        3
 Stone Arrow              Conj/Erth      0%         3d7       100%        3
 Dispel Undead            Necr           0%         3d6       100%        4
 Hailstorm                Conj/Ice       0%         3d3       100%        4
 Sticky Flame             Conj/Fire      0%         2d3       100%        4
 Bolt of Magma            Conj/Fire/Erth 0%         4d4       100%        5
 Conjure Ball Lightning   Conj/Air       0%         3x3d6     100%        6
 Discord                  Hex            0%         N/A       100%        8
 Disjunction              Tloc           0%         N/A       100%        8
 Shatter                  Erth           0%         3d5*      100%        9


Dungeon Overview and Level Annotations

Branches:
Dungeon (8/15)             Temple (1/1) D:7
   Lair: D:8-11

Altars:
Ashenzari
Cheibriados
Dithmenos
Elyvilon
Gozag
Hepliaklqana
Kikubaaqudgha
Makhleb
Nemelex Xobeh
Okawaru
Qazlal
Ru
Sif Muna
Trog
Uskayaw
Vehumet
Xom
Zin
The Shining One

Shops:
D:1 =   D:4 (

Annotations:
D:5 Dowan, Duvessa
D:8 3 runed translucent doors, Harold; Maurice; freelancePsychic's ghost, novice DjIE


Message History

2 killer bees come into view.
You feel sick.
As you read the scroll labelled VAFRUA URRIXT, it crumbles to dust.
It is a scroll of amnesia.
You feel forgetful for a moment.
You feel sick.
You are no longer poisoned.
A killer bee comes into view.
A gnoll comes into view. It is wielding a +0 whip.
A killer bee comes into view.
Harold hits you with a +0 war axe!!
You take 17 damage, and have 32/83 hp.
MASSIVE DAMAGE!!
Okay, then.
A gnoll comes into view. It is wielding a +0 flail.
The killer bee closely misses you. You block the killer bee's attack.
The killer bee stings you but does no damage.
A gnoll shaman comes into view. It is wielding a +0 whip.
As you read the scroll labelled ZUIFIU REIKYAMAO, it crumbles to dust.
It is a scroll of identify.
B - a scroll of teleportation The killer bee stings you but does no damage.
A killer bee comes into view.
The killer bee stings you! x2
* * * LOW HITPOINT WARNING * * *
You are poisoned.
The killer bee poisons you!
The killer bee stings you but does no damage.
The gnoll hits you with a +0 flail.
* * * LOW HITPOINT WARNING * * *
The killer bee barely misses you.
You riposte.
You barely miss the killer bee.
The killer bee stings you but does no damage.
You take 21 damage, and have 12/83 hp.
MASSIVE DAMAGE!!
As you read the scroll labelled COCISM TUAFE, it crumbles to dust.
Magic quickly surges around you.
It was a scroll of vulnerability.
You feel sick. The killer bee stings you.
* * * LOW HITPOINT WARNING * * *
You block the killer bee's attack. The killer bee stings you.
* * * LOW HITPOINT WARNING * * *
The killer bee misses you.
You riposte.
You miss the killer bee. The gnoll hits you but does no damage.
The gnoll hits you with a +0 flail!
You die...

#.###..##....#####...
#.# ##.##..........
#.####....>...#..#
#........[...#...#
#.##.###.......#.# #
#....# #...(..##.##.#.#
####.###........@gZg..#
#........####g##...#
#.#.##.....yy@##.....
#.#.....####yyg.g.###
##.#.###.####.y###.#
###....# #.......###.#
...[<..###.###.........
.##<.......# ##........
.###.###..## #..###.##
.# #.###..## #..# # .#
#.......####..###.#


You could see Harold (weak-willed), a gnoll shaman (weak-willed), 5 killer bees
and 3 gnolls.

Vanquished Creatures
  Erica (D:7)
  Eustachio (D:5)
  2 orc warriors (D:8)
  An ice beast (D:4)
  A sky beast (D:6)
  3 ogres
  Blork the orc (D:5)
  3 bullfrogs
  A gnoll sergeant (D:7)
  A scorpion (D:5)
  4 wights (D:7)
  A centaur zombie (D:7)
  3 hounds
  A jelly (D:6)
  2 orc priests
  A centaur skeleton (D:5)
  Natasha (D:2)
  An iguana (D:6)
  8 orc wizards
  A killer bee zombie (D:8)
  A hound skeleton (D:4)
  A howler monkey zombie (D:7)
  12 gnolls
  5 adders
  A howler monkey skeleton (D:6)
  A shadow imp (D:7)
  A white imp (D:5)
  4 dart slugs
  12 orcs
  5 endoplasms
  5 giant cockroaches
  6 goblins
  7 hobgoblins
  6 jackals
  6 kobolds
  2 quokkas
  4 ball pythons
  5 bats
  3 frilled lizards
  2 rats
127 creatures vanquished.

Vanquished Creatures (collateral kills)
  3 orcs (D:7)
3 creatures vanquished.

Vanquished Creatures (others)
  A black bear (D:8)
  An orc wizard (D:8)
2 creatures vanquished.

Grand Total: 132 creatures vanquished

Notes
Turn   | Place    | Note
-------+----------+-------------------------------------------
     0 | D:5      | gimp the Human Delver began the quest for the Orb.
     0 | D:5      | Reached XP level 1. HP: 18/18 MP: 1/1
    77 | D:5      | Reached skill level 1 in Armour
    77 | D:5      | Reached XP level 2. HP: 23/25 MP: 2/2
    77 | D:5      | Reached XP level 3. HP: 27/30 MP: 3/3
   198 | D:3      | Reached skill level 4 in Fighting
   554 | D:3      | Noticed an ice beast
   826 | D:3      | Reached XP level 4. HP: 32/37 MP: 4/4
   891 | D:3      | Found a glowing golden altar of the Shining One.
  1062 | D:1      | Found a faded altar of an unknown god.
  1266 | D:1      | Found Keelon's Jewellery Shop.
  1586 | D:2      | Reached XP level 5. HP: 43/43 MP: 5/5
  1699 | D:2      | Noticed Natasha
  1711 | D:2      | Killed Natasha
  1724 | D:2      | Found a burning altar of Makhleb.
  1819 | D:2      | Reached skill level 5 in Fighting
  2829 | D:4      | Killed an ice beast
  2830 | D:4      | Reached XP level 6. HP: 52/52 MP: 6/6
  2841 | D:4      | Found Umeps's Weapon Shoppe.
  3011 | D:4      | Noticed an ogre
  3037 | D:4      | Killed an ogre
  3038 | D:4      | Reached skill level 6 in Fighting
  3038 | D:4      | Reached XP level 7. HP: 37/58 MP: 7/7
  3156 | D:4      | Found a radiant altar of Vehumet.
  3159 | D:4      | Found an ancient bone altar of Kikubaaqudgha.
  3864 | D:5      | Noticed Blork the orc
  3879 | D:5      | Killed Blork the orc
  3961 | D:5      | Noticed Eustachio
  3986 | D:5      | Reached skill level 7 in Fighting
  4040 | D:5      | Killed Eustachio
  4041 | D:5      | Reached XP level 8. HP: 67/67 MP: 8/8
  4125 | D:5      | Noticed Duvessa
  4125 | D:5      | Noticed Dowan
  4309 | D:6      | Found a sacrificial altar of Ru.
  4398 | D:6      | Reached skill level 8 in Fighting
  4596 | D:6      | Reached skill level 5 in Armour
  4995 | D:6      | Found a glowing silver altar of Zin.
  5002 | D:6      | Found Zin's Purification Station.
  5023 | D:6      | Bought a potion of curing for 90 gold pieces
  5325 | D:7      | Reached skill level 9 in Fighting
  5325 | D:7      | Reached XP level 9. HP: 58/76 MP: 9/9
  5441 | D:7      | Reached skill level 1 in Throwing
  5449 | D:7      | Reached skill level 1 in Shields
  5884 | D:7      | Found a staircase to the Ecumenical Temple.
  5932 | Temple   | Entered the Ecumenical Temple
  6440 | D:8      | Noticed Maurice
  6692 | D:8      | Noticed Erica
  6846 | D:8      | Found a runed translucent gate.
  6847 | D:8      | Found a runed translucent gate.
  6850 | D:8      | Found a runed translucent gate.
  6852 | D:8      | Noticed freelancePsychic's ghost (novice DjIE)
  6967 | D:7      | Killed Erica
  6968 | D:7      | Reached XP level 10. HP: 53/83 MP: 10/10
  7031 | D:8      | Noticed Harold
  7044 | D:8      | Slain by a gnoll

Illustrated notes

Levels and vault maps discovered:
D:1:      minmay_arrival_four_circles, layout_basic, serial_shops,
          nicolae_shop_stone, chequers_ecumenical_altar_simple
D:2:      layout_basic, basic_altar, serial_curves, eino_curves_02,
          eino_curves_03, uniq_natasha
D:3:      layout_loops_ring, mainiacjoe_overflow_surrounded_room,
          kennysheep_generic_room_7
D:4:      layout_layer_cave, minitemple, serial_shops, shop, sigmund_army
D:5:      layout_basic, uniq_duvessa, uniq_sigmund, uniq_blork_the_orc,
          uniq_eustachio
D:6:      layout_loops_corners, zin_purify, mainiacjoe_overflow_tiny_flanked
D:7:      layout_loops_ring, minmay_temple_entry_nine_rooms
D:8:      layout_loops_ring, lemuel_zombie_altar_yredelemnul,
          gammafunk_ghost_necromancy, uniq_erica, uniq_maurice, uniq_harold
Temple:   jpeg_temple_clearing

Skill      XL: |  1  2  3  4  5  6  7  8  9 |
---------------+----------------------------+-----
Armour         | 1 2 3 4 5 7 |  7.6
Fighting       | 4 5 6 7 9 |  9.0
Throwing       | 4 |  4.4
Shields        | 4 |  4.3
Polearms       | |  2.0
Dodging        | |  2.0
Stealth        | |  5.0

Action                   |  1- 3 |  4- 6 |  7- 9 | 10-12 || total
-------------------------+-------+-------+-------+-------++-------
Melee: Spear             |    54 |       |       |       ||    54
       Long sword        |       |   153 |   260 |       ||   413
       Falchion          |       |       |   131 |     5 ||   136
       Scimitar          |       |       |       |     6 ||     6
Throw: Stone             |       |     2 |       |       ||     2
       Dart              |       |     6 |    10 |       ||    16
Evoke: Wand              |       |       |     6 |       ||     6
  Use: Potion            |       |       |     6 |       ||     6
       Scroll            |       |       |     1 |     3 ||     4
 Stab: Sleeping          |     1 |       |     1 |       ||     2
       Distracted        |     1 |       |       |       ||     1
Armor: Leather armour    |    22 |       |       |       ||    22
       Chain mail        |    10 |   149 |   134 |       ||   293
       Scale mail        |       |       |   127 |     9 ||   136
       Skin              |       |       |     1 |       ||     1
Dodge: Dodged            |    31 |    78 |   282 |    13 ||   404
Block: Kite shield       |       |       |    70 |     7 ||    77
       Rpst.: Long sword |       |    25 |    67 |       ||    92
       Falchion          |       |       |    15 |     2 ||    17
       Scimitar          |       |       |       |     4 ||     4
